 Dungeon Crawl Stone Soup version 0.27-a0-1140-g099f9bb0e8 (webtiles) character file.

Game seed: 8302701111114806959

53 jasper the Changer (level 3, -6/39 HPs)
             Began as a Merfolk Transmuter on May 9, 2021.
             Mangled by a worm (8 damage)
             ... on level 2 of the Dungeon.
             The game lasted 00:01:56 (1720 turns).

jasper the Changer (Merfolk Transmuter)             Turns: 1720, Time: 00:01:57

Health: -6/39      AC:  2    Str: 10    XL:     3   Next: 87%
Magic:  6/6        EV: 12    Int: 13    God:
Gold:   76         SH:  0    Dex: 14    Spells: 2/6 levels left

rFire    . . .     SeeInvis .     - Unarmed
rCold    . . .     Faith    .   (no shield)
rNeg     . . .     Spirit   .   a - +0 robe
rPois    .         Reflect  .   (helmet currently unavailable)
rElec    .         Harm     .   (no cloak)
rCorr    .         Rampage  .   (no gloves)
Will     .....                  (boots currently unavailable)
Stlth    ..........             (no amulet)
HPRegen  0.13/turn              (no ring)
MPRegen  0.10/turn              (no ring)

@: berserking, lethally poisoned (-6 -> -10), appendages, very quick
A: horns 2, (nimble swimmer 2), mertail
a: End Transformation


You were on level 2 of the Dungeon.
You had temporarily grown beastly horns.
You visited 1 branch of the dungeon, and saw 2 of its levels.

You collected 76 gold pieces.

Inventory:

Missiles
 e - 25 sling bullets
Armour
 a - a +0 robe (worn)
Scrolls
 b - a scroll of fog {unknown}
 c - a scroll of holy word {unknown}
 d - a scroll of vulnerability {unknown}
 g - a scroll of enchant weapon {unknown}


   Skills:
 - Level 1.1 Fighting
 - Level 2.6 Dodging
 - Level 3.2 Unarmed Combat
 - Level 2.0 Spellcasting
 + Level 5.4 Transmutations


You had 2 spell levels left.
You knew the following spells:

 Your Spells              Type           Power      Damage    Failure   Level
a - Beastly Appendage     Tmut           30%        N/A       2%          1
b - Spider Form           Tmut/Pois      4%         N/A       26%         3

Your spell library contained the following spells:

 Spells                   Type           Power      Damage    Failure   Level
 Wereblood                Tmut           15%        N/A       4%          2
 Hydra Form               Tmut           7%         N/A       58%         5
 Ice Form                 Ice/Tmut       8%         N/A       63%         4


Dungeon Overview and Level Annotations

Branches:
Dungeon (2/15)

Altars:


Innate Abilities, Weirdness & Mutations

You have temporarily grown beastly horns.
((You are quick and stealthy near water. (Stealth+, EV+, Speed+++)))
Your lower body shifts to a powerful aquatic tail in water.


Message History

You feel sick. The adder barely misses you.
You take 1 damage, and have 15/26 hp.
You hit the adder but do no damage.
The adder is heavily wounded.
You feel sick. The adder bites you.
You are more poisoned.
The adder poisons you! The adder misses you.
You take 2 damage, and have 13/26 hp.
You hit the adder but do no damage. Your headbutt misses the adder.
The adder is heavily wounded.
You feel sick. The adder bites you.
You take 5 damage, and have 8/26 hp.
MP restored: 6 You miss the adder.
Your headbutt misses the adder.
The adder is heavily wounded.
The adder bites you.
* * * LOW HITPOINT WARNING * * *
You are lethally poisoned!
The adder poisons you!
You take 1 damage, and have 7/26 hp.
You miss the adder. You headbutt the adder.
The adder is severely wounded.
* * * LOW HITPOINT WARNING * * *
You feel very sick. The adder barely misses you.
You take 3 damage, and have 4/26 hp.
It was a potion of berserk rage.
A red film seems to cover your vision as you go berserk!
You feel yourself moving faster!
You feel mighty!
* * * LOW HITPOINT WARNING * * *
You feel sick. The adder closely misses you. The adder barely misses you.
You now have 4/39 hp.
You punch the adder!
You kill the adder!
* * * LOW HITPOINT WARNING * * *
You feel sick.
You take 1 damage, and have 3/39 hp.
* * * LOW HITPOINT WARNING * * *
You feel sick. The worm bites you!
You die...

#.......#.......#
#.#.#...+......##
#.#.#####....#.#
#.#..........#.#
#.######.....#.#
#†# #.#####.# #.#
#. .# #.# #@#
..⌠....w.#
....#...... ..
#........
#.........$
#..........
#..........
#.$........


You could see a worm.

Vanquished Creatures
  A gnoll (D:1)
  2 adders (D:2)
  2 ball pythons (D:2)
  A bat (D:1)
  2 endoplasms (D:1)
  A giant cockroach (D:1)
  3 goblins (D:1)
  2 hobgoblins
  3 kobolds
  A quokka (D:1)
  3 frilled lizards (D:1)
  5 rats
26 creatures vanquished.

Vanquished Creatures (others)
  A plant (D:1)
1 creature vanquished.

Grand Total: 27 creatures vanquished

Notes
Turn   | Place    | Note
-------+----------+-------------------------------------------
     0 | D:1      | jasper the Merfolk Transmuter began the quest for the Orb.
     0 | D:1      | Reached XP level 1. HP: 15/15 MP: 3/3
    34 | D:1      | Reached skill level 3 in Transmutations
    34 | D:1      | Reached XP level 2. HP: 19/21 MP: 3/5
   146 | D:1      | Reached skill level 4 in Transmutations
   576 | D:1      | Found a faded altar of an unknown god.
   745 | D:1      | Reached XP level 3. HP: 12/26 MP: 4/6
  1470 | D:1      | Learned a level 3 spell: Spider Form
  1617 | D:2      | Reached skill level 5 in Transmutations
  1720 | D:2      | Mangled by a worm

Illustrated notes

Levels and vault maps discovered:
D:1:      minmay_arrival_checkered_box, layout_rooms, basic_ecumenical_altar,
          serial_forest, infiniplex_forest_end_2, infiniplex_forest_straight_1,
          infiniplex_forest_straight_2, infiniplex_forest_straight_4
D:2:      layout_basic, hangedman_feature_mirror, serial_bayou_lake_a,
          uniq_robin

Skill      XL: |  1  2  3 |
---------------+----------+-----
Transmutations | 3 4 5 |  5.4
Fighting       | |  1.1
Dodging        | |  2.6
Unarmed Combat | |  3.2
Spellcasting   | |  2.0

Action                   || total
-------------------------++-------
Melee: Unarmed           ||   109
       Headbutt          ||    18
 Cast: Beastly Appendage ||    17
  Use: Potion            ||     1
Armor: Robe              ||    11
Dodge: Dodged            ||    52

Table legend: (Time is in decaauts)
 A = Elapsed time spent in this place.
 B = Non-inter-level travel time spent in this place.
 C = Inter-level travel time spent in this place.
 D = Time resting spent in this place.
 E = Time spent auto-exploring this place.
 F = Levels seen in this place.
 G = Mean time per level.
                   A        B        C        D        E       F      G
               +--------+--------+--------+--------+--------+-----+--------+
         Total |   1709 |   1665 |     44 |      7 |   1434 |   2 |  854.5 |
       Dungeon |   1709 |   1665 |     44 |      7 |   1434 |   2 |  854.5 |
               +--------+--------+--------+--------+--------+-----+--------+

Top non-repeatable levels by time:
     D:1: 1466 daAuts
     D:2: 242 daAuts
